 Dungeon Crawl Stone Soup version 0.25.1-2-g60ff931df9 (webtiles) character file.

Game seed: 5871974954763531029

26 lorenzova the Conjurer (level 2, 0/16 HPs)
             Began as a Deep Elf Conjurer on Oct 15, 2020.
             Slain by a goblin
             ... wielding a +0 club
             ... led by Robin
              (9 damage)
             ... on level 2 of the Dungeon.
             The game lasted 00:01:40 (1329 turns).

lorenzova the Conjurer (Deep Elf Conjurer)          Turns: 1329, Time: 00:01:41

Health: 0/16       AC:  2    Str:  5    XL:     2   Next: 89%
Magic:  1/8        EV: 13    Int: 19    God:
Gold:   130        SH:  0    Dex: 15    Spells: 5/8 levels left

rFire    . . .     SeeInvis .   (no weapon)
rCold    . . .     Gourm    .   (no shield)
rNeg     . . .     Faith    .   a - +0 robe
rPois    .         Spirit   .   (no helmet)
rElec    .         Reflect  .   (no cloak)
rCorr    .         Harm     .   (no gloves)
MR       .....                  (no boots)
Stlth    ++........             (no amulet)
HPRegen  0.05/turn              (no ring)
MPRegen  0.11/turn              (no ring)

@: no status effects
A: no striking features
a: no special abilities


You were on level 2 of the Dungeon.
You were very hungry.

You visited 1 branch of the dungeon, and saw 2 of its levels.

You collected 130 gold pieces.

Inventory:

Armour
 a - a +0 robe (worn)
Scrolls
 b - a scroll of identify {unknown}
 f - a scroll of amnesia {unknown}
 g - 2 scrolls of random uselessness {unknown}
 h - a scroll of immolation {unknown}
 i - 3 scrolls of remove curse {unknown}
 j - a scroll of fear {unknown}
Potions
 d - a potion of heal wounds {unknown}
 e - a potion of stabbing {unknown}
Comestibles
 c - 4 rations


   Skills:
 + Level 1.1 Fighting
 - Level 2.4 Dodging
 - Level 2.4 Stealth
 + Level 3.6 Spellcasting
 + Level 4.7 Conjurations


You had 5 spell levels left.
You knew the following spells:

 Your Spells              Type           Power        Failure   Level  Hunger
a - Magic Dart            Conj           ###.         1%          1    None
b - Searing Ray           Conj           ###...       3%          2    ##.....

Your spell library contained the following spells:

 Spells                   Type           Power        Failure   Level  Hunger
 Dazzling Flash           Conj/Hex       ##....       16%         3    ###....
 Fulminant Prism          Conj/Hex       ##........   47%         4    ####...
 Iskenderun's Mystic Bla  Conj/Tloc      ##......     47%         4    ####...


Dungeon Overview and Level Annotations

Branches:
Dungeon (2/15)

Altars:

Annotations:
D:2 Robin


Message History

Robin throws the goblin at you!
Without enough magic to sustain it, your searing ray dissipates.
The goblin closely misses you. The goblin hits you but does no damage.
A goblin comes into view.
The goblin misses you. The goblin hits you with a +0 club.
Casting: Searing Ray (safe; 3% risk of failure)
Confirm with . or Enter, or press ? or * to list all spells.
You don't have enough magic to cast that spell.
You hit the goblin.
The goblin is heavily wounded.
The goblin hits you with a +0 club. The hobgoblin closely misses you.
The goblin closely misses you.
You closely miss the goblin.
The goblin is heavily wounded.
The hobgoblin hits you but does no damage.
The goblin misses you.
A goblin comes into view.
The goblin hits you with a +0 club!
Ouch! That really hurt!
You die...

########## #.. ...##<..
#.#######.##.####
#.##............#
#.........)......
#.##.#.#...#.##..
#.##.#.##.##.##..
g#######g##.#.##.##.##..
..ggggg@g.....##.##.##..
..gg#######.####..#.....
# #.# #..####.# #.# #..#
#.# #.# ##.# #<# #.# .#
#.# .†. ..# ## ####


You could see Robin, 2 hobgoblins and 7 goblins.

Vanquished Creatures
  A dart slug (D:1)
  A leopard gecko (D:1)
  2 bats
  A giant cockroach (D:1)
  3 goblins
  5 hobgoblins
  3 kobolds
  A frilled lizard (D:1)
  5 rats (D:1)
22 creatures vanquished.

Notes
Turn   | Place    | Note
-------+----------+-------------------------------------------
     0 | D:1      | lorenzova the Deep Elf Conjurer began the quest for the
                  | Orb.
     0 | D:1      | Reached XP level 1. HP: 10/10 MP: 6/6
   487 | D:1      | Reached XP level 2. HP: 16/16 MP: 6/8
   844 | D:1      | Reached skill level 1 in Fighting
  1227 | D:2      | Learned a level 2 spell: Searing Ray
  1321 | D:2      | Identified the cursed +0 helmet of Zin's Supremacy {rF+
                  | rCorr Int-2 SInv}
  1321 | D:2      | Noticed Robin
  1329 | D:2      | Slain by a goblin

Illustrated notes

Levels and vault maps discovered:
D:1:      dpeg_chamrin_arrival_tetris, layout_basic
D:2:      layout_loops_ring, uniq_crazy_yiuf_cottage, uniq_robin, uniq_jessica

Skill      XL: |  1  2 |
---------------+-------+-----
Fighting       | 1 |  1.1
Dodging        | |  2.4
Stealth        | |  2.4
Spellcasting   | |  3.6
Conjurations   | |  4.7

Action                   || total
-------------------------++-------
Melee: Unarmed           ||    20
 Cast: Magic Dart        ||    44
       Searing Ray       ||     1
Armor: Robe              ||     9
Dodge: Dodged            ||    33
